 Dungeon Crawl Stone Soup version 0.28-a0-247-gb8bfbab023 (webtiles) character file.

Game seed: 9764317065521693982

1284 jisko22 the Destroyer (level 8, -6/45 HPs)
             Began as a Tengu Conjurer on Aug 24, 2021.
             Was an Initiate of Vehumet.
             Shot with a sling bullet by Joseph (13 damage)
             ... on level 7 of the Dungeon on Aug 25, 2021.
             The game lasted 00:22:50 (9644 turns).

jisko22 the Destroyer (Tengu Conjurer)              Turns: 9644, Time: 00:22:51

Health: -6/45      AC:  4    Str:  8    XL:     8   Next: 55%
Magic:  6/14       EV: 18    Int: 19    God:    Vehumet [......]
Gold:   241        SH:  0    Dex: 14    Spells: 4/14 levels left

rFire   . . .      SeeInvis .   b - +1 dagger (elec)
rCold   . . .      Faith    .   (no shield)
rNeg    . . .      Spirit   .   q - +0 leather armour
rPois   .          Reflect  .   (helmet restricted)
rElec   .          Harm     .   i - +0 cloak
rCorr   .          Rampage  .   (no gloves)
Will    .....                   (boots unavailable)
Stlth   ++........              (no amulet)
HPRegen 0.15/turn               e - +4 ring of evasion
MPRegen 0.14/turn               (no ring)

@: flying quickly and evasively, quick
A: beak, talons 3, nimble flight
a: Renounce Religion


You were on level 7 of the Dungeon.
You worshipped Vehumet.
Vehumet was noncommittal.
You visited 2 branches of the dungeon, and saw 8 of its levels.

You collected 241 gold pieces.

Inventory:

Hand Weapons
 b - a +1 dagger of electrocution (weapon)
 c - a +0 club
 d - a +0 mace
Armour
 i - a +0 cloak (worn)
 l - a +0 robe of willpower
 p - a scarf of harm
 q - a +0 leather armour (worn)
 t - a +0 robe
Magical Staves
 a - a staff of conjuration
Jewellery
 e - a +4 ring of evasion (left hand)
Wands
 k - a wand of flame (12)
Scrolls
 f - 2 scrolls of magic mapping
 n - 5 scrolls of teleportation
Potions
 g - 2 potions of flight
 h - 3 potions of haste
 m - 2 potions of curing
 o - a potion of lignification {unknown}
 u - a potion of invisibility {unknown}
 w - a potion of berserk rage
 x - a potion of ambrosia {unknown}


   Skills:
 + Level 2.9 Fighting
 * Level 4.3 Short Blades
 - Level 4.2 Armour
 - Level 3.4 Dodging
 - Level 2.0 Stealth
 + Level 3.6 Spellcasting
 * Level 8.2 Conjurations
 * Level 1.3 Hexes
 - Level 3.0 Evocations


You had 4 spell levels left.
You knew the following spells:

 Your Spells              Type           Power      Damage    Failure   Level
a - Magic Dart            Conj           100%       1d8       1%          1
b - Searing Ray           Conj           68%        3d5       1%          2
c - Dazzling Flash        Conj/Hex       42%        N/A       9%          3
d - Fulminant Prism       Conj/Hex       10%        3d9       26%         4

Your spell library contained the following spells:

 Spells                   Type           Power      Damage    Failure   Level
 Corona                   Hex            8%         N/A       11%         1
 Animate Skeleton         Necr           6%         N/A       21%         1
 Apportation              Tloc           6%         N/A       21%         1
 Pain                     Necr           12%        1d4       21%         1
 Summon Small Mammal      Summ           12%        N/A       21%         1
 Iskenderun's Mystic Bla  Conj/Tloc      19%        2d6       34%         4
 Vampiric Draining        Necr           1%         2d6       52%         3


Dungeon Overview and Level Annotations

Branches:
Dungeon (7/15)             Temple (1/1) D:5

Altars:
Ashenzari
Cheibriados
Elyvilon
Okawaru
Qazlal
Trog
Uskayaw
Vehumet
Xom
Zin
The Shining One

Shops:
D:5 =

Annotations:
D:2 Terence
D:7 Joseph


Innate Abilities, Weirdness & Mutations

You have a beak for a mouth.
You have claws for feet.
Your magical nature lets you fly swiftly and evasively.


Message History

Casting: Searing Ray (safe; 1% risk of failure)
Confirm with . or Enter, or press ? or * to list all spells.
Aiming: Magic Dart (safe; 1% risk of failure)
Press: ? - help, Shift-Dir - straight line, f - Joseph
Aim: Joseph, wielding a +0 quarterstaff, wearing a +0 leather armour and quivering sling bullets (wandering, hasn't noticed you, 100% to hit)
The magic dart hits Joseph!
Joseph is lightly wounded.
Joseph shouts!
Joseph unwields a +0 quarterstaff.
Joseph wields a +0 hunting sling.
Joseph shoots a sling bullet.
The sling bullet hits you!
Okay, then.
Casting: Magic Dart (safe; 1% risk of failure)
Confirm with . or Enter, or press ? or * to list all spells.
Okay, then.
Okay, then.
Okay, then.
Casting: Magic Dart (safe; 1% risk of failure)
Confirm with . or Enter, or press ? or * to list all spells.
Joseph shoots a sling bullet.
The sling bullet closely misses you.
Casting: Dazzling Flash (dangerous; 9% risk of failure)
Confirm with . or Enter, or press ? or * to list all spells.
Aiming: Searing Ray (safe; 1% risk of failure)
Press: ? - help, Shift-Dir - straight line, f/p - Joseph
Aim: Joseph, wielding a +0 hunting sling, wearing a +0 leather armour and quivering sling bullets (lightly wounded, 81% to hit)
The searing ray misses Joseph. (Press . to maintain the ray.) Joseph shoots a sling bullet.
The sling bullet hits you!
The searing ray hits Joseph.
Joseph is lightly wounded.
Joseph shoots a sling bullet.
The sling bullet hits you but does no damage.
The searing ray hits Joseph!
Joseph is moderately wounded.
Joseph shoots a sling bullet.
The sling bullet hits you!
* * * LOW HITPOINT WARNING * * *
The searing ray hits Joseph.
Joseph is moderately wounded.
You finish channeling your searing ray.
Joseph shoots a sling bullet.
The sling bullet hits you!
You die...

#...#.###'###
#...#.##....# ###
#.##....#
###.##....#
#.....#'###
###.....#)#####.###
........@.........
#......#.#####.###
##.....#@.........
##....#.......####
#>...#...######.#
#....#.#........#
#....#.########.#
.@...#......<...#
......############


You could see Joseph.

Vanquished Creatures
  Eustachio (D:5)
  Menkaure (D:6)
  Edmund (D:5)
  A black bear (D:6)
  An ogre (D:4)
  A necrophage (D:7)
  A centaur (D:6)
  Blork the orc (D:5)
  A scorpion (D:5)
  A howler monkey (D:5)
  A centaur skeleton (D:4)
  3 hounds
  An iron imp (D:6)
  Jessica (D:2)
  An iguana (D:3)
  A hound skeleton (D:4)
  4 gnolls (D:6)
  7 adders
  2 adder skeletons (D:4)
  2 worms (D:4)
  5 dart slugs
  9 orcs
  4 endoplasms
  5 giant cockroaches
  10 goblins
  4 hobgoblins
  3 jackals (D:2)
  3 quokkas
  10 ball pythons
  6 bats
  4 frilled lizards
  7 kobolds
  4 rats
107 creatures vanquished.

Notes
Turn   | Place    | Note
-------+----------+-------------------------------------------
     0 | D:1      | jisko22 the Tengu Conjurer began the quest for the Orb.
     0 | D:1      | Reached XP level 1. HP: 10/10 MP: 4/4
   490 | D:1      | Reached XP level 2. HP: 15/15 MP: 4/6
   845 | D:1      | Learned a level 2 spell: Searing Ray
  1085 | D:1      | Reached XP level 3. HP: 20/20 MP: 2/7
  1401 | D:1      | Reached skill level 6 in Conjurations
  2163 | D:2      | Reached skill level 1 in Fighting
  2346 | D:2      | Noticed Jessica
  2353 | D:2      | Killed Jessica
  2354 | D:2      | Reached XP level 4. HP: 11/25 MP: 5/8
  2797 | D:2      | Reached skill level 1 in Short Blades
  3228 | D:2      | Noticed Terence
  3254 | D:3      | Learned a level 3 spell: Dazzling Flash
  3481 | D:3      | You fall into a shaft and drop 2 floors!
  3481 | D:5      | Entered Level 5 of the Dungeon
  3527 | D:4      | Found a glowing golden altar of the Shining One.
  3617 | D:4      | Gained mutation: Your magical nature lets you fly swiftly
                  | and evasively. [Tengu growth]
  3617 | D:4      | Reached XP level 5. HP: 29/29 MP: 4/10
  5481 | D:4      | Reached XP level 6. HP: 35/35 MP: 4/11
  5660 | D:4      | Reached skill level 1 in Armour
  5660 | D:4      | Reached skill level 7 in Conjurations
  6099 | D:5      | Found Laikeph's Jewellery Shoppe.
  6105 | D:5      | Learned a level 4 spell: Fulminant Prism
  6133 | D:5      | Found a hide-covered altar of Uskayaw.
  6414 | D:5      | Found a staircase to the Ecumenical Temple.
  6446 | Temple   | Entered the Ecumenical Temple
  6526 | Temple   | Became a worshipper of Vehumet
  6554 | D:5      | Found a white marble altar of Elyvilon.
  6633 | D:5      | Reached skill level 1 in Evocations
  6633 | D:5      | Reached XP level 7. HP: 40/40 MP: 5/12
  6782 | D:5      | Noticed Blork the orc
  6789 | D:5      | Killed Blork the orc
  6789 | D:5      | Noticed Eustachio
  6834 | D:5      | Killed Eustachio
  6915 | D:5      | Found an iron altar of Okawaru.
  7020 | D:5      | Noticed Edmund
  7103 | D:5      | Upgraded the game from 0.28-a0-245-g639a1a48b9 to
                  | 0.28-a0-247-gb8bfbab023
  7680 | D:5      | Killed Edmund
  7852 | D:6      | Reached XP level 8. HP: 45/45 MP: 6/13
  8676 | D:6      | Noticed Menkaure
  8681 | D:6      | Killed Menkaure
  8682 | D:6      | Reached skill level 8 in Conjurations
  8682 | D:6      | Reached skill level 1 in Hexes
  8725 | D:6      | Found a snail-covered altar of Cheibriados.
  9629 | D:7      | Noticed Joseph
  9644 | D:7      | Shot with a sling bullet by Joseph

Illustrated notes

Levels and vault maps discovered:
D:1:      shiori_arrival_elements, layout_basic, minivault_14
D:2:      layout_basic, basic_ecumenical_altar, uniq_jessica, uniq_terence,
          uniq_crazy_yiuf_cottage
D:3:      layout_rooms, st_stairs_6, minmay_ogre_servants
D:4:      layout_gridville, tso_metal_star, serial_park_tiny_pond
D:5:      layout_loops_ring, mainiacjoe_overflow_24_doors,
          mainiacjoe_overflow_concentric_impassable,
          kennysheep_okawaru_gauntlet, minmay_temple_entry_sparse_star,
          serial_shops, nicolae_shop_stone, uniq_edmund, uniq_eustachio,
          uniq_blork_the_orc
D:6:      layout_rooms, slow_altar_2, uniq_menkaure
D:7:      layout_basic, mainiacjoe_overflow_brackets,
          gammafunk_temple_overflow_statue, serial_shops, nicolae_shop_trees,
          uniq_joseph
Temple:   nicolae_temple_figure_zero

Skill      XL: |  1  2  3  4  5  6  7  8 |
---------------+-------------------------+-----
Conjurations   | 6 7 8 |  8.2
Fighting       | 1 2 |  2.9
Short Blades   | 1 2 3 4 |  4.3
Dodging        | 3 |  3.4
Armour         | 2 4 |  4.2
Spellcasting   | 3 |  3.6
Evocations     | 1 3 |  3.0
Hexes          | 1 |  1.3
Stealth        | |  2.0

Action                   |  1- 3 |  4- 6 |  7- 9 || total
-------------------------+-------+-------+-------++-------
Melee: Mace              |     6 |       |       ||     6
       Dagger            |     4 |    43 |     7 ||    54
       Kick              |     1 |     5 |     2 ||     8
       Peck              |       |     3 |     1 ||     4
 Cast: Magic Dart        |    62 |    87 |    30 ||   179
       Searing Ray       |       |     6 |    17 ||    23
       Dazzling Flash    |       |       |     1 ||     1
Evoke: Wand              |       |     3 |     6 ||     9
  Use: Scroll            |       |     3 |     6 ||     9
       Potion            |       |       |     2 ||     2
 Stab: Sleeping          |     2 |       |       ||     2
       Paralysed         |       |       |     2 ||     2
Armor: Robe              |     2 |     4 |       ||     6
       Leather armour    |       |     2 |     1 ||     3
Dodge: Dodged            |     6 |    38 |     8 ||    52

Table legend: (Time is in decaauts)
 A = Elapsed time spent in this place.
 B = Non-inter-level travel time spent in this place.
 C = Inter-level travel time spent in this place.
 D = Time resting spent in this place.
 E = Time spent auto-exploring this place.
 F = Levels seen in this place.
 G = Mean time per level.
                   A        B        C        D        E       F      G
               +--------+--------+--------+--------+--------+-----+--------+
         Total |   9420 |   9206 |    214 |   4498 |   3790 |   8 | 1177.5 |
       Dungeon |   9335 |   9133 |    202 |   4498 |   3722 |   7 | 1333.6 |
        Temple |     85 |     74 |     11 |      0 |     68 |   1 |   85.0 |
               +--------+--------+--------+--------+--------+-----+--------+

Top non-repeatable levels by time:
     D:4: 2859 daAuts
     D:1: 2389 daAuts
     D:6: 1361 daAuts
     D:5: 1172 daAuts
     D:2: 864 daAuts
     D:7: 373 daAuts
     D:3: 315 daAuts
  Temple: 85 daAuts
